[Event "Titled Tuesday Blitz August 22 Late 2023"]
[White "Gallo Garcia, Kemel Antonio"]
[Black "Akhayan, Ruben"]
[WhiteFideId "3523896"]
[BlackFideId "204439"]
[WhiteElo "2567"]
[BlackElo "2246"]
[Result "0-1"]
[Round "1"]
[TimeControl "180+1"]
[Date "2023.08.22"]
[WhiteClock "0:00:08"]
[BlackClock "0:00:13"]
[Board "182"]

1. e4 e5 2. Nf3 Nc6 3. Bb5 a6 4. Ba4 Nf6 5. O-O Be7 6. d3 b5 7. Bb3 O-O 8. Nc3 d6 9. a3 Nd4 10. Nxd4 exd4 11. Nd5 Nxd5 12. Bxd5 Rb8 13. f4 Bb7 14. Bxb7 Rxb7 15. Qf3 Rb8 16. Bd2 c5 17. Rae1 c4 18. e5 c3 19. bxc3 dxc3 20. Bxc3 Rc8 21. d4 dxe5 22. fxe5 Qc7 23. Ba1 Qxc2 24. d5 Bc5+ 25. Kh1 Bb6 26. d6 Ba5 27. Rd1 Rcd8 28. Qg3 Qg6 29. Qe3 Qe6 30. Qg3 Kh8 31. Rf4 Rd7 32. Rg4 Rg8 33. h3 Bd8 34. Re1 a5 35. Qc3 Re8 36. Rge4 Rg8 37. Qc6 b4 38. axb4 axb4 39. Rxb4 Ra7 40. Rb8 f6 41. Bc3 fxe5 42. Bxe5 Qf5 43. Qc3 Rd7 44. Qd4 Qf7 45. Rc8 Bg5 46. Rxg8+ Kxg8 47. Ra1 h5 48. Qe4 g6 49. Ra8+ Rd8 50. Rxd8+ Bxd8 51. Kh2 Bf6 52. Bxf6 Qxf6 53. Qd5+ Kg7 54. d7 Qd8 55. Qe5+ Kf7 56. Qd5+ Kg7 57. Qe6 Qc7+ 58. Kg1 Qd8 59. Kf2 h4 60. Qe8 Qf6+ 61. Ke2 Qb2+ 62. Kd3 Qb1+ 63. Kc4 Qc2+ 64. Kd5 Qd3+ 65. Kc6 Qc4+ 66. Kd6 Qd4+ 67. Kc6 Qc4+ 68. Kb7 Qb5+ 69. Kc7 Qc5+ 70. Kd8 Qb6+ 71. Ke7 Qf6# 0-1


[Site "https://www.chess.com"]

[Event "Titled Tuesday Blitz August 22 Late 2023"]
[White "ManuMunoz01"]
[Black "Ganiev, Roman"]
[BlackFideId "4131452"]
[WhiteElo "2245"]
[BlackElo "2563"]
[Result "1/2-1/2"]
[Round "1"]
[TimeControl "180+1"]
[Date "2023.08.22"]
[WhiteClock "0:00:05"]
[BlackClock "0:00:19"]
[Board "183"]

1. e4 c5 2. Nf3 d6 3. d4 cxd4 4. Nxd4 Nf6 5. Nc3 a6 6. h3 e5 7. Nde2 h5 8. g3 Be6 9. Bg2 Nbd7 10. O-O Rc8 11. Be3 Be7 12. a4 O-O 13. b3 Qc7 14. f4 Nb8 15. Rc1 Rfd8 16. f5 Bd7 17. Nd5 Nxd5 18. exd5 b5 19. axb5 axb5 20. g4 hxg4 21. hxg4 Na6 22. g5 Bf8 23. g6 Be8 24. Be4 Qd7 25. Ng3 fxg6 26. fxg6 Qh3 27. Qf3 Be7 28. Bg5 Bf6 29. Bf5 e4 30. Bxh3 exf3 31. Bxf6 gxf6 32. Bxc8 Rxc8 33. Rxf3 Bxg6 34. Rxf6 Bxc2 35. Rxd6 Nb4 36. Ne2 Re8 37. Re6 Rd8 38. Nf4 Bxb3 39. Rc7 Nxd5 40. Rg6+ Kh8 41. Rh6+ Kg8 42. Nxd5 Bxd5 43. Rg6+ Kh8 44. Rh6+ Kg8 45. Rg6+ Kh8 46. Rh6+ Kg8 1/2-1/2


[Site "https://www.chess.com"]

[Event "Titled Tuesday Blitz August 22 Late 2023"]
[White "Willy, Stephen"]
[Black "Palacio,Igor Da Paz"]
[WhiteFideId "30981468"]
[BlackFideId "2121140"]
[WhiteElo "2563"]
[BlackElo "2236"]
[Result "1-0"]
[Round "1"]
[TimeControl "180+1"]
[Date "2023.08.22"]
[WhiteClock "0:00:56"]
[BlackClock "0:00:00"]
[Board "184"]

1. e4 d6 2. d4 Nf6 3. Nc3 g6 4. f4 Bg7 5. Nf3 O-O 6. Be3 b6 7. h3 Bb7 8. e5 Nd5 9. Nxd5 Bxd5 10. h4 h5 11. Bd3 c5 12. c4 cxd4 13. cxd5 dxe3 14. e6 Bxb2 15. Rb1 Bc3+ 16. Ke2 Kg7 17. exf7 Rxf7 18. Ng5 Qd7 19. Ne6+ Kh6 20. Qc2 Bd4 21. Bxg6 Rf6 22. Bxh5 Na6 23. g4 1-0


[Site "https://www.chess.com"]

[Event "Titled Tuesday Blitz August 22 Late 2023"]
[White "Sailer, Mike"]
[Black "Souleidis, Georgios"]
[WhiteFideId "2012901"]
[BlackFideId "4206827"]
[WhiteElo "2224"]
[BlackElo "2561"]
[Result "0-1"]
[Round "1"]
[TimeControl "180+1"]
[Date "2023.08.22"]
[WhiteClock "0:00:05"]
[BlackClock "0:00:08"]
[Board "185"]

1. e4 c5 2. b3 b6 3. Bb2 Bb7 4. Nc3 e6 5. f4 d5 6. Bb5+ Nd7 7. exd5 exd5 8. Nf3 a6 9. Bxd7+ Qxd7 10. O-O f6 11. Re1+ Kf7 12. Na4 Qc7 13. Qe2 Qc6 14. f5 b5 15. Qe6+ Qxe6 16. fxe6+ Ke8 17. Nb6 Rd8 18. d4 c4 19. a4 cxb3 20. cxb3 b4 21. Rac1 Bd6 22. Nh4 Ne7 23. g4 a5 24. Nf5 Nxf5 25. gxf5 Ke7 26. Nd7 Rc8 27. Nc5 Bc6 28. Rc2 Rhd8 29. Bc1 Be8 30. Be3 Rc7 31. Rec1 Rdc8 32. Kf2 g6 33. fxg6 Bxg6 34. Rd2 Bxc5 35. dxc5 Kxe6 36. Bd4 Be4 37. Ke3 Rg7 38. Rf2 Rg6 39. c6 Kd6 40. Bb6 Rxc6 41. Rxc6+ Kxc6 42. Bxa5 Kc5 43. Rf1 Rg2 44. Rc1+ Rc2 45. Rxc2+ Bxc2 46. Bd8 f5 47. a5 Bxb3 48. Kd3 Bc4+ 49. Kd2 Ba6 50. Be7+ Kc4 51. Kc2 f4 52. Bd6 f3 53. Bg3 b3+ 54. Kb2 Kb4 55. Be1+ Ka4 56. Kc3 Bc4 57. Kd4 Ka3 58. Bc3 f2 59. a6 f1=Q 60. a7 Qf2+ 61. Ke5 Qxa7 0-1


[Site "https://www.chess.com"]

[Event "Titled Tuesday Blitz August 22 Late 2023"]
[White "Chor, Kevin"]
[Black "KSho99"]
[WhiteFideId "2090740"]
[WhiteElo "2561"]
[BlackElo "2215"]
[Result "1-0"]
[Round "1"]
[TimeControl "180+1"]
[Date "2023.08.22"]
[WhiteClock "0:00:52"]
[BlackClock "0:00:17"]
[Board "186"]

1. d4 e6 2. Nf3 f5 3. g3 Nf6 4. Bg2 d5 5. O-O Bd6 6. c4 c6 7. Qc2 O-O 8. Bg5 Nbd7 9. Nc3 Qe8 10. Bxf6 Nxf6 11. b3 Qh5 12. Rad1 g5 13. e3 Ne4 14. Nxe4 fxe4 15. Ne5 Rf6 16. f3 Rh6 17. Ng4 e5 18. Nxh6+ Qxh6 19. fxe4 exd4 20. exd4 Bg4 21. Rde1 Bb4 22. Re3 Qg7 23. e5 c5 24. Bxd5+ Kh8 25. Rf7 Qh6 26. Qe4 cxd4 27. Qxd4 1-0


[Site "https://www.chess.com"]

[Event "Titled Tuesday Blitz August 22 Late 2023"]
[White "Kiseljova, Marya"]
[Black "Musovic, Armin"]
[WhiteFideId "4155009"]
[BlackFideId "939935"]
[WhiteElo "2210"]
[BlackElo "2560"]
[Result "0-1"]
[Round "1"]
[TimeControl "180+1"]
[Date "2023.08.22"]
[WhiteClock "0:01:12"]
[BlackClock "0:01:31"]
[Board "187"]

1. d4 d5 2. c4 c5 3. cxd5 Nf6 4. dxc5 e6 5. dxe6 Qxd1+ 6. Kxd1 Bxe6 7. Nf3 Bxc5 8. e3 Nc6 9. Bb5 O-O-O+ 10. Ke2 Nb4 11. Na3 a6 12. Bc4 Bg4 13. Bd2 Kb8 14. Bc3 Ne4 15. h3 Bh5 16. g4 Bg6 17. Bxg7 Rhe8 18. Bc3 Ng3+ 19. fxg3 Rxe3+ 20. Kf1 Rxf3+ 21. Kg2 Rf2+ 22. Kg1 Rf4+ 23. Kg2 Be4+ 24. Kh2 Rf2+ 25. Kg1 Rxb2+ 26. Kf1 Bg2+ 27. Ke1 Bf2# 0-1


[Site "https://www.chess.com"]

[Event "Titled Tuesday Blitz August 22 Late 2023"]
[White "Erdogan, Anil Berk"]
[Black "Fernandez Siles, Luis"]
[WhiteFideId "6348173"]
[BlackFideId "2209420"]
[WhiteElo "2558"]
[BlackElo "2208"]
[Result "1-0"]
[Round "1"]
[TimeControl "180+1"]
[Date "2023.08.22"]
[WhiteClock "0:00:13"]
[BlackClock "0:00:42"]
[Board "188"]

1. e4 c5 2. Nf3 Nc6 3. d4 cxd4 4. Nxd4 Nf6 5. Nc3 e5 6. Ndb5 d6 7. Nd5 Nxd5 8. exd5 Nb8 9. c4 Be7 10. Bd3 a6 11. Nc3 O-O 12. O-O f5 13. f3 Nd7 14. Be3 Bg5 15. Qc1 Bxe3+ 16. Qxe3 Qh4 17. b4 Rf6 18. g3 f4 19. gxh4 fxe3 20. Nd1 a5 21. b5 Nc5 22. Be2 Bh3 23. Nxe3 Bxf1 24. Rxf1 Rf4 25. h5 Raf8 26. Kg2 e4 27. a3 exf3+ 28. Rxf3 Rxf3 29. Bxf3 Rf4 30. Kg3 Rd4 31. Nf5 Rxc4 32. Nxd6 Rd4 33. Nf5 Rd3 34. Kf4 a4 35. d6 g6 36. hxg6 hxg6 37. Ne7+ Kf7 38. Nd5 Ke6 39. d7 Nxd7 40. Nc7+ Kf7 41. Bxb7 Rxa3 42. Bc6 Nb6 43. Ke5 Rb3 44. Nd5 a3 45. Nxb6 Rxb5+ 46. Bxb5 a2 47. Bc4+ 1-0


[Site "https://www.chess.com"]

[Event "Titled Tuesday Blitz August 22 Late 2023"]
[White "Andreassen, Lars"]
[Black "Kozusek, Daniel"]
[WhiteFideId "1504878"]
[BlackFideId "349500"]
[WhiteElo "2208"]
[BlackElo "2556"]
[Result "0-1"]
[Round "1"]
[TimeControl "180+1"]
[Date "2023.08.22"]
[WhiteClock "0:00:00"]
[BlackClock "0:00:21"]
[Board "189"]

1. d4 d5 2. Nf3 Nf6 3. c4 e6 4. Nc3 Bb4 5. Bg5 dxc4 6. e4 c5 7. e5 cxd4 8. Nxd4 Qa5 9. exf6 Bxc3+ 10. bxc3 Qxg5 11. fxg7 Qxg7 12. Qf3 Nd7 13. Bxc4 Ne5 14. Bb5+ Ke7 15. Qg3 Qxg3 16. hxg3 a6 17. Be2 Bd7 18. f4 Nc6 19. Bf3 Rac8 20. Kd2 Nxd4 21. cxd4 Rc4 22. Bxb7 Rxd4+ 23. Ke3 Ra4 24. Be4 Rc8 25. Rac1 Ra3+ 26. Kd4 Rd8 27. Rc7 f5 28. Rxh7+ Kd6 29. Rc2 Ra4+ 0-1


[Site "https://www.chess.com"]

[Event "Titled Tuesday Blitz August 22 Late 2023"]
[White "Ilkhomi, Jaloliddin"]
[Black "Vanek, Tomas"]
[WhiteFideId "14700948"]
[BlackFideId "313459"]
[WhiteElo "2555"]
[BlackElo "2207"]
[Result "1-0"]
[Round "1"]
[TimeControl "180+1"]
[Date "2023.08.22"]
[WhiteClock "0:02:28"]
[BlackClock "0:01:09"]
[Board "190"]

1. d4 f5 2. Nf3 Nf6 3. Bf4 g6 4. Nbd2 Bg7 5. e3 O-O 6. h3 d6 7. c3 c6 8. Rg1 Kh8 9. Bc4 b5 10. Bb3 a5 11. a4 Nbd7 12. Ng5 e5 13. Ne6 Qe7 14. Nxf8 exf4 15. Nxd7 fxe3 16. Nxf6 exd2+ 17. Kxd2 Qxf6 18. Qf3 d5 19. axb5 cxb5 20. Qxd5 Rb8 21. Qg8# 1-0


[Site "https://www.chess.com"]

[Event "Titled Tuesday Blitz August 22 Late 2023"]
[White "Florianovitz, Derlei Alex"]
[Black "angelgab3"]
[WhiteFideId "2114178"]
[WhiteElo "2200"]
[BlackElo "2555"]
[Result "0-1"]
[Round "1"]
[TimeControl "180+1"]
[Date "2023.08.22"]
[WhiteClock "0:01:14"]
[BlackClock "0:01:41"]
[Board "191"]

1. e4 e5 2. Nf3 Nc6 3. Bb5 a6 4. Ba4 Nf6 5. O-O b5 6. Bb3 Bb7 7. c3 Nxe4 8. Re1 d5 9. d3 Nc5 10. Nxe5 Nxe5 11. Rxe5+ Be7 12. Bc2 O-O 13. d4 Ne6 14. Nd2 Bf6 15. Re1 c5 16. dxc5 d4 17. Nf3 dxc3 18. Qxd8 Rfxd8 19. b4 a5 20. bxa5 Nxc5 21. Be3 Nd3 22. Red1 Nb4 23. Rac1 Nxc2 24. Rxd8+ Rxd8 25. Bb6 Rd7 26. h3 Nb4 27. a4 Nd3 28. Rc2 b4 29. Kf1 b3 0-1


[Site "https://www.chess.com"]

[Event "Titled Tuesday Blitz August 22 Late 2023"]
[White "Siniauski, Artsiom"]
[Black "campochess"]
[WhiteFideId "13512269"]
[WhiteElo "2554"]
[BlackElo "2196"]
[Result "1-0"]
[Round "1"]
[TimeControl "180+1"]
[Date "2023.08.22"]
[WhiteClock "0:00:28"]
[BlackClock "0:00:35"]
[Board "192"]

1. e4 c5 2. Nf3 Nc6 3. Bb5 e5 4. Bxc6 dxc6 5. d3 f6 6. Be3 Bd6 7. Nbd2 b6 8. Nc4 Bc7 9. Qd2 Ne7 10. a3 Be6 11. Qc3 O-O 12. b4 cxb4 13. axb4 Qe8 14. O-O Qf7 15. Ra6 Bc8 16. Ra3 Be6 17. Rfa1 Bxc4 18. Qxc4 Qxc4 19. dxc4 a5 20. c5 bxc5 21. Bxc5 Kf7 22. bxa5 Rfd8 23. a6 Nc8 24. Kf1 Bd6 25. Bxd6 Rxd6 26. Ke2 Na7 27. Rb3 Rd7 28. Rb7 Ke6 29. c4 Nc8 30. Rxd7 Kxd7 31. Nd2 Na7 32. Rb1 Rc8 33. Kd3 Rc7 34. Nb3 Kd6 35. Na5 g6 36. Nb7+ Ke7 37. Rb6 f5 38. exf5 gxf5 39. Ke3 Rd7 40. Nc5 Rc7 41. Nd3 Kd6 42. c5+ Kd5 43. Rb7 Nb5 44. Rxc7 Nxc7 45. a7 e4 46. Nf4+ Kxc5 47. Ne6+ Kb6 48. Nxc7 Kxa7 49. Ne8 Kb6 50. Nd6 Kc5 51. Nxf5 Kd5 52. Ne7+ Kd6 53. Nxc6 Kxc6 54. Kxe4 Kd6 55. Kf5 1-0


[Site "https://www.chess.com"]

[Event "Titled Tuesday Blitz August 22 Late 2023"]
[White "Erece, Ece Alkim"]
[Black "Przybylski, Wojciech"]
[WhiteFideId "6346006"]
[BlackFideId "1117599"]
[WhiteElo "2196"]
[BlackElo "2552"]
[Result "0-1"]
[Round "1"]
[TimeControl "180+1"]
[Date "2023.08.22"]
[WhiteClock "0:00:00"]
[BlackClock "0:00:16"]
[Board "193"]

1. e4 c5 2. Nf3 d6 3. d4 cxd4 4. Nxd4 Nf6 5. Nc3 e6 6. h3 h5 7. Be3 Nbd7 8. Bc4 Nc5 9. Qf3 a6 10. b4 Ncd7 11. a4 Ne5 12. Qe2 Qc7 13. Bb5+ axb5 14. Ncxb5 Qd8 15. f4 Nc6 16. Qd3 d5 17. e5 Ne4 18. c3 Qh4+ 19. g3 Qxg3+ 20. Kf1 Nxd4 21. Nxd4 Bd7 22. Rg1 Qxh3+ 23. Ke1 Be7 24. Rxg7 Qh2 25. Rg1 Rc8 26. Nb5 Qb2 0-1


[Site "https://www.chess.com"]

[Event "Titled Tuesday Blitz August 22 Late 2023"]
[White "Kashefi, Amir Hosein"]
[Black "Osmonbekov, Talaibek"]
[WhiteFideId "12557935"]
[BlackFideId "2017253"]
[WhiteElo "2551"]
[BlackElo "2181"]
[Result "1-0"]
[Round "1"]
[TimeControl "180+1"]
[Date "2023.08.22"]
[WhiteClock "0:01:09"]
[BlackClock "0:00:00"]
[Board "194"]

1. d4 e6 2. Nf3 f5 3. g3 Nf6 4. Bg2 Be7 5. O-O O-O 6. b3 d6 7. Bb2 a5 8. c4 a4 9. Nbd2 Ne4 10. Qc2 a3 11. Bc3 Nxc3 12. Qxc3 Nc6 13. Rad1 Bf6 14. e4 e5 15. dxe5 dxe5 16. Rfe1 Qe7 17. exf5 Bxf5 18. Ne4 Nb4 19. Rd2 Rad8 20. Nxf6+ gxf6 21. Ree2 Rxd2 22. Rxd2 Rd8 23. Rxd8+ Qxd8 24. Qxb4 Qd1+ 25. Qe1 Qxe1+ 26. Nxe1 Bb1 27. Bxb7 Bxa2 28. Bd5+ Kf8 29. Nc2 Bxb3 30. Nxa3 Ke7 31. Nb5 c6 32. Bxc6 Bxc4 33. Nc3 f5 34. f4 Kd6 35. Bf3 exf4 36. gxf4 Kc5 37. Kf2 Kd4 38. Ne2+ Kd3 39. Ng3 Be6 40. h4 Kd2 41. h5 h6 42. Bg2 Kd3 43. Bh3 Kd4 44. Kf3 Bd5+ 45. Kf2 Be6 46. Bxf5 1-0


[Site "https://www.chess.com"]

[Event "Titled Tuesday Blitz August 22 Late 2023"]
[White "ArmanGhevondyanchess"]
[Black "ArtemDyachuk"]
[WhiteElo "2180"]
[BlackElo "2549"]
[Result "1-0"]
[Round "1"]
[TimeControl "180+1"]
[Date "2023.08.22"]
[WhiteClock "0:00:19"]
[BlackClock "0:00:01"]
[Board "195"]

1. Nf3 Nf6 2. d4 e6 3. g3 c5 4. Bg2 cxd4 5. O-O Nc6 6. Nxd4 Bc5 7. Nb3 Bb6 8. c4 d6 9. Nc3 O-O 10. Bg5 Ne5 11. Nd2 h6 12. Bxf6 Qxf6 13. Nde4 Qg6 14. b3 Rd8 15. Rc1 Bc7 16. Nd2 Qf6 17. Nf3 Nc6 18. e3 a6 19. a3 Rb8 20. b4 Bd7 21. Ne4 Qe7 22. Qd2 Be8 23. Rfd1 f5 24. Nc3 Bh5 25. Re1 Qf6 26. Qc2 Bg6 27. Qb3 Kh7 28. Red1 Bh5 29. Rd2 Ne5 30. Nd4 Bf7 31. Rcd1 h5 32. h4 g5 33. hxg5 Qxg5 34. f4 Qxg3 35. Nce2 Qg4 36. fxe5 dxe5 37. Nc2 Rg8 38. Nc3 e4 39. Ne1 Bg3 40. c5 h4 41. Rd7 Rg7 42. Rxf7 Rxf7 43. Qxe6 Rg7 44. Nxe4 fxe4 45. Bxe4+ Kh8 46. Qh6+ Kg8 47. Bd5+ Kf8 48. Qf6+ Ke8 49. Rd2 Bxe1+ 50. Rg2 Qxg2+ 51. Bxg2 Bc3 52. Qe6+ Kf8 53. Qd6+ Kf7 54. Qxb8 h3 55. Qxb7+ Kg8 56. Qd5+ Kh8 57. Qh5+ Kg8 58. Qxh3 1-0


[Site "https://www.chess.com"]

[Event "Titled Tuesday Blitz August 22 Late 2023"]
[White "reevecanada"]
[Black "Capp, Stephen"]
[BlackFideId "2027089"]
[WhiteElo "2549"]
[BlackElo "2179"]
[Result "1-0"]
[Round "1"]
[TimeControl "180+1"]
[Date "2023.08.22"]
[WhiteClock "0:00:31"]
[BlackClock "0:00:07"]
[Board "196"]

1. e4 e5 2. Nf3 d5 3. Nxe5 Bd6 4. d4 dxe4 5. Bc4 Bxe5 6. dxe5 Qxd1+ 7. Kxd1 Nc6 8. Nc3 Nxe5 9. Bb3 Bg4+ 10. Ke1 O-O-O 11. h3 Bf5 12. Be3 Nf6 13. Ke2 h5 14. Rhd1 c6 15. Bxa7 g5 16. Bd4 Rhe8 17. Bxe5 Rxe5 18. Bxf7 g4 19. h4 g3 20. Rxd8+ Kxd8 21. fxg3 Bg4+ 22. Ke3 Ke7 23. Bc4 b5 24. Be2 b4 25. Nd1 Rc5 26. Rc1 Ra5 27. Bxg4 Nxg4+ 28. Kxe4 Rxa2 29. Kd4 Kd6 30. Kc4 c5 31. Kb3 Ra8 32. c3 Rb8 33. Kc2 b3+ 34. Kd2 Rf8 35. Ra1 Rf1 36. Ra6+ Kd5 37. Rg6 Rg1 38. Rg5+ Ke4 39. Rxh5 Rxg2+ 40. Ke1 Rg1+ 41. Ke2 Rg2+ 42. Kf1 Rxg3 43. Rxc5 Rh3 44. Nf2+ Nxf2 45. Kxf2 Rh2+ 46. Kg3 Rxb2 47. Rb5 Rb1 48. Kg2 b2 49. h5 Rh1 50. Kxh1 1-0


[Site "https://www.chess.com"]

[Event "Titled Tuesday Blitz August 22 Late 2023"]
[White "Quirke, Jeffrey"]
[Black "Shapiro, Viktor"]
[WhiteFideId "2013029"]
[BlackFideId "4175700"]
[WhiteElo "2174"]
[BlackElo "2548"]
[Result "0-1"]
[Round "1"]
[TimeControl "180+1"]
[Date "2023.08.22"]
[WhiteClock "0:00:00"]
[BlackClock "0:00:21"]
[Board "197"]

1. e4 e5 2. Nf3 Nc6 3. d4 exd4 4. Nxd4 Bc5 5. Be3 Qf6 6. c3 Qg6 7. Nd2 Nf6 8. Qf3 Bb6 9. Qg3 d6 10. Be2 Bd7 11. Qxg6 hxg6 12. f3 d5 13. O-O-O O-O-O 14. Bd3 Ne5 15. Bc2 c6 16. h3 Rhe8 17. f4 Nc4 18. Nxc4 dxc4 19. e5 Nd5 20. Bd2 g5 21. fxg5 Rxe5 22. Rde1 Rde8 23. Nf3 Re2 24. Kd1 Rxg2 25. Rxe8+ Bxe8 26. Ne5 Ne3+ 27. Bxe3 Bxe3 28. Nxc4 Bxg5 29. Be4 Rf2 30. Nd6+ Kd8 31. Nxe8 Kxe8 32. b4 Rxa2 33. Re1 Ra1+ 0-1


[Site "https://www.chess.com"]

[Event "Titled Tuesday Blitz August 22 Late 2023"]
[White "Taboas Rodriguez, Daniel"]
[Black "Wieczorek, Zbigniew"]
[WhiteFideId "2208466"]
[BlackFideId "1102001"]
[WhiteElo "2548"]
[BlackElo "2160"]
[Result "1/2-1/2"]
[Round "1"]
[TimeControl "180+1"]
[Date "2023.08.22"]
[WhiteClock "0:00:20"]
[BlackClock "0:00:52"]
[Board "198"]

1. d4 d6 2. Nf3 Bg4 3. c4 Nd7 4. Nc3 e5 5. e4 exd4 6. Qxd4 Bxf3 7. gxf3 Ngf6 8. Bh3 Ne5 9. Bg2 Ng6 10. Be3 Be7 11. O-O-O Nh4 12. Rhg1 Nxg2 13. Rxg2 g6 14. Bh6 Rg8 15. Rgg1 Nd7 16. f4 c6 17. Kb1 Qb6 18. e5 Qxd4 19. Rxd4 dxe5 20. fxe5 O-O-O 21. f4 Nc5 22. Rgd1 Rxd4 23. Rxd4 Ne6 24. Rd3 f5 25. exf6 Bxf6 26. Ne4 Be7 27. Kc2 Rd8 28. Bg5 Bxg5 29. fxg5 Rxd3 30. Kxd3 Kd8 31. h4 Ke7 32. Ke3 Ng7 33. Ng3 Ke6 34. Ke4 Ne8 35. b3 c5 36. Kf4 Nd6 37. Ne4 Nxe4 38. Kxe4 b6 39. a3 a5 40. Kf4 Kd6 41. Ke4 Ke6 42. Kf4 Kd6 43. Ke4 Ke6 1/2-1/2


[Site "https://www.chess.com"]

[Event "Titled Tuesday Blitz August 22 Late 2023"]
[White "Feliz Dotel, Dewar Bienvenido"]
[Black "brm72"]
[WhiteFideId "6402801"]
[WhiteElo "2158"]
[BlackElo "2548"]
[Result "0-1"]
[Round "1"]
[TimeControl "180+1"]
[Date "2023.08.22"]
[WhiteClock "0:00:02"]
[BlackClock "0:00:38"]
[Board "199"]

1. d4 Nf6 2. e3 g6 3. Nf3 Bg7 4. Be2 O-O 5. b4 d6 6. Bb2 Nbd7 7. O-O c5 8. a3 a5 9. dxc5 dxc5 10. b5 b6 11. a4 Bb7 12. c4 Qc7 13. Nbd2 Rfd8 14. Ra3 e5 15. Qa1 Re8 16. Rd1 Rad8 17. Nf1 Ne4 18. Ng3 Nxg3 19. hxg3 f6 20. Ne1 Nf8 21. Bf3 e4 22. Be2 f5 23. Bxg7 Qxg7 24. Qxg7+ Kxg7 25. Raa1 Kf6 26. g4 Bc8 27. gxf5 gxf5 28. g3 Be6 29. Ng2 Nd7 30. Nf4 Ne5 31. Nxe6 Kxe6 32. Kf1 Rh8 33. Kg2 Kf6 34. Rh1 Rd2 35. Rae1 h5 36. Bxh5 Nd3 37. Re2 Rb2 38. Rxb2 Nxb2 39. g4 fxg4 40. Bxg4 Rxh1 41. Kxh1 Nxa4 42. f3 Ke5 43. f4+ Kf6 44. Kg2 Nb2 45. Be2 a4 46. Kf2 a3 0-1


[Site "https://www.chess.com"]

[Event "Titled Tuesday Blitz August 22 Late 2023"]
[White "Roebers, Eline"]
[Black "Novikova, Margarita"]
[WhiteFideId "1058401"]
[BlackFideId "14109689"]
[WhiteElo "2548"]
[BlackElo "2156"]
[Result "1-0"]
[Round "1"]
[TimeControl "180+1"]
[Date "2023.08.22"]
[WhiteClock "0:00:56"]
[BlackClock "0:00:00"]
[Board "200"]

1. e4 d5 2. exd5 Qxd5 3. Nf3 Nf6 4. Be2 e5 5. O-O e4 6. Nc3 Qd8 7. Ng5 Bf5 8. Re1 Be7 9. Bf1 Qd4 10. d3 exd3 11. cxd3 h6 12. Nf3 Qd8 13. Qb3 Qc8 14. Bf4 Be6 15. Qc2 a6 16. Nd4 O-O 17. Nxe6 fxe6 18. Bg3 Bd6 19. Ne4 Nxe4 20. Rxe4 Bxg3 21. hxg3 Nc6 22. Rae1 Rf6 23. d4 Kh8 24. Bc4 Qd8 25. Qc3 Qd6 26. Bxe6 Nxd4 27. Rxd4 Rxe6 28. Rxd6 Rxd6 29. Re7 1-0


[Site "https://www.chess.com"]

[Event "Titled Tuesday Blitz August 22 Late 2023"]
[White "Oliveira, Tiago Batista"]
[Black "HamedWafa4"]
[WhiteFideId "2108291"]
[WhiteElo "2144"]
[BlackElo "2545"]
[Result "0-1"]
[Round "1"]
[TimeControl "180+1"]
[Date "2023.08.22"]
[WhiteClock "0:00:07"]
[BlackClock "0:00:53"]
[Board "201"]

1. d4 Nf6 2. c4 e6 3. g3 c5 4. d5 g6 5. Bg2 exd5 6. cxd5 d6 7. Nc3 Bg7 8. Nf3 O-O 9. O-O Re8 10. Re1 a6 11. a4 Ne4 12. Nxe4 Rxe4 13. Nd2 Rb4 14. Ra2 Nd7 15. Qc2 Nf6 16. e4 Nh5 17. b3 Bd7 18. Ba3 Rb6 19. Bf1 f5 20. Nc4 fxe4 21. Nxb6 Qxb6 22. Bb2 Bf5 23. Bxg7 Nxg7 24. Re3 Re8 25. Bg2 Qb4 26. Qc4 a5 27. Rae2 Bg4 28. Qxb4 axb4 29. f3 Bf5 30. fxe4 Bg4 31. Re1 Nh5 32. Bf1 Nf6 33. Bb5 Bd7 34. Bc4 Ng4 35. R3e2 Ne5 36. Bd3 Nxd3 37. Rf1 c4 38. bxc4 b3 39. Rf3 b2 40. Rf1 Bxa4 41. Re3 Nc5 42. Ra3 Rxe4 43. Rb1 Rxc4 44. Rxb2 Rc1+ 45. Kf2 Kf7 46. Ke2 Rh1 47. Ke3 Re1+ 48. Kd4 Re4+ 49. Kc3 b5 50. Rf2+ Ke7 51. Raa2 b4+ 52. Kb2 Nd3+ 53. Kb1 Nxf2 54. Rxa4 Ng4 55. Ra7+ Kf6 56. Rxh7 Ke5 57. h3 Ne3 58. Rg7 Nxd5 59. Rxg6 Kd4 60. h4 Nc3+ 61. Kb2 Kc4 62. Rxd6 Re2+ 63. Kc1 Kb3 64. Rd2 Re1+ 65. Rd1 Rxd1# 0-1


[Site "https://www.chess.com"]

[Event "Titled Tuesday Blitz August 22 Late 2023"]
[White "Trifan, Andrei Ioan"]
[Black "laskakid"]
[WhiteFideId "12967068"]
[WhiteElo "2544"]
[BlackElo "2132"]
[Result "1-0"]
[Round "1"]
[TimeControl "180+1"]
[Date "2023.08.22"]
[WhiteClock "0:00:16"]
[BlackClock "0:00:16"]
[Board "202"]

1. Nf3 Nf6 2. b3 g6 3. Bb2 Bg7 4. e3 b6 5. Be2 Bb7 6. O-O O-O 7. c4 c5 8. d4 cxd4 9. Nxd4 d5 10. Nc3 dxc4 11. Bxc4 a6 12. Be2 e5 13. Nf3 Qe7 14. Qc1 Rc8 15. Qe1 b5 16. Rc1 Nbd7 17. h3 Nb6 18. Nd2 b4 19. Ncb1 a5 20. Nc4 Nxc4 21. Bxc4 a4 22. Nd2 a3 23. Ba1 Nd7 24. Qe2 Qg5 25. f4 Qe7 26. f5 Rf8 27. fxg6 hxg6 28. Qg4 Kh7 29. Nf3 f6 30. Rfd1 Nb6 31. Bd3 f5 32. Ng5+ Kg8 33. Bc4+ Nxc4 34. Qxc4+ Rf7 35. Nxf7 Qxf7 36. Qxf7+ Kxf7 37. Rd7+ Ke6 38. Rxb7 Rd8 39. Rxg7 Rd2 40. Rxg6+ Kd5 41. Rg5 Rxa2 42. Rxf5 Ke4 43. Rxe5+ Kd3 44. Rb5 Kd2 45. Rf1 Rxa1 46. Rxa1 Kc3 47. Rxb4 Kxb4 48. Rxa3 Kxa3 49. h4 1-0


[Site "https://www.chess.com"]

[Event "Titled Tuesday Blitz August 22 Late 2023"]
[White "Sanchez Castillo, Sarai Carolina"]
[Black "Graif, William"]
[WhiteFideId "3900754"]
[BlackFideId "2609835"]
[WhiteElo "2128"]
[BlackElo "2542"]
[Result "1-0"]
[Round "1"]
[TimeControl "180+1"]
[Date "2023.08.22"]
[WhiteClock "0:00:11"]
[BlackClock "0:00:04"]
[Board "203"]

1. e4 e5 2. d4 exd4 3. Qxd4 Nc6 4. Qe3 Bb4+ 5. Nc3 Nf6 6. Bd2 O-O 7. O-O-O Re8 8. Qg3 Nxe4 9. Nxe4 Rxe4 10. f3 Bxd2+ 11. Rxd2 Ra4 12. a3 d6 13. Bd3 Qh4 14. Ne2 h6 15. Nc3 Qxg3 16. hxg3 Ra5 17. Nb5 Bd7 18. Nxc7 Rc8 19. Nb5 Ne5 20. Nxd6 Nxd3+ 21. Rxd3 Rc7 22. c3 Rac5 23. Re1 Be6 24. g4 Rd7 25. Rd2 Rc6 26. Ne4 Rxd2 27. Kxd2 Kf8 28. Ke3 Ke7 29. Rd1 Rb6 30. Rd2 f6 31. Nc5 Bf7 32. Rd7+ Ke8 33. Rxb7 Rc6 34. Ne4 a6 35. Ra7 Kf8 36. Rb7 Bd5 37. Kd4 Bf7 38. b3 Rc8 39. c4 Rd8+ 40. Kc3 Rd1 41. c5 Rc1+ 42. Kb4 Rb1 43. Ka4 Rc1 44. b4 Bd5 45. Rb8+ Ke7 46. Nd6 Bc6+ 47. Ka5 Ra1 48. Kb6 Kd7 49. Nc4 Rc1 50. Na5 Bb5 51. Rb7+ Kc8 52. Rxg7 Re1 53. c6 Re6 54. Rg8+ Re8 55. Rxe8# 1-0


[Site "https://www.chess.com"]

[Event "Titled Tuesday Blitz August 22 Late 2023"]
[White "Diano, Eden"]
[Black "Kula, Robert"]
[WhiteFideId "5203708"]
[BlackFideId "1101218"]
[WhiteElo "2540"]
[BlackElo "2123"]
[Result "0-1"]
[Round "1"]
[TimeControl "180+1"]
[Date "2023.08.22"]
[WhiteClock "0:01:21"]
[BlackClock "0:00:18"]
[Board "204"]

1. d4 d5 2. c4 c6 3. Nc3 Nf6 4. Nf3 dxc4 5. a4 Bf5 6. e3 e6 7. Bxc4 Nbd7 8. a5 Be7 9. Qb3 Rb8 10. O-O O-O 11. Re1 b5 12. axb6 axb6 13. e4 Bg6 14. Bf4 Ra8 15. Rxa8 Qxa8 16. Ne5 Nxe5 17. dxe5 Nd7 18. Bxe6 Nc5 19. Qxb6 Nxe6 20. Be3 Rb8 21. Qa7 Qxa7 22. Bxa7 Rxb2 23. f3 f6 24. exf6 Bxf6 25. e5 Be7 26. Ne4 Bxe4 27. Rxe4 Rc2 28. f4 Bc5+ 29. Bxc5 Nxc5 30. Re3 g6 31. g4 Kf7 32. f5 gxf5 33. gxf5 Ke7 34. e6 Rc1+ 35. Kf2 Rc2+ 36. Kf3 Nb7 37. h4 Nd6 38. Kf4 Rf2+ 39. Kg5 Rxf5+ 40. Kh6 Ne8 41. Rc3 c5 42. Kxh7 Rh5+ 43. Kg6 Rxh4 44. Rxc5 Kxe6 45. Rh5 Rg4+ 46. Rg5 Rf4 47. Ra5 Nd6 48. Ra6 Rg4+ 49. Kh5 Rg8 50. Kh6 Ke5 51. Kh7 Rg4 52. Ra1 Kf6 53. Rh1 Rg7+ 54. Kh6 Nf5+ 55. Kh5 Rg5# 0-1


[Site "https://www.chess.com"]